 Dungeon Crawl Stone Soup version bcrawl-1.37.2 (webtiles) character file.

Game seed: 1583560555390647012

129193 Mehrunes the Magician (level 5, -2/35 HPs)
             Began as a Mummy Fire Elementalist on Nov 8, 2022.
             Killed from afar by an orc wizard (11 damage)
             ... with a magic dart
             ... on level 3 of the Dungeon.
             The game lasted 00:04:09 (3491 turns).

Mehrunes the Magician (Mummy Fire Elementalist)     Turns: 3491, Time: 00:04:09

Health: -2/35      AC:  3    Str: 11    XL:     5   Next: 55%
Magic:  4/12       EV: 27    Int: 16    God:
Gold:   128        SH:  0    Dex: 12    Spells: 6/14 levels left

rFire    x . .     GDR:     24% h - +0 short sword
rCold    + + .     SeeInvis .   (no shield)
rNeg     + + +     Gourm    .   a - +0 robe
rPois    ∞         Faith    .   l - +0 helmet
rElec    .         Spirit   .   (no cloak)
rCorr    .         Reflect  .   (no gloves)
MR       .....     Clarity  +   (no boots)
Stlth    ++........             e - amulet of the acrobat
HPRegen  0.15/turn              b - ring of protection from cold
MPRegen  0.13/turn              (no ring)

@: very slightly contaminated
A: no food or potions, fire vulnerability, clarity, cold resistance 1, negative
energy resistance 3, torment resistance, unbreathing, strong hexes 1
a: no special abilities


You were on level 3 of the Dungeon.
You were not hungry.

You visited 1 branch of the dungeon, and saw 4 of its levels.

You collected 128 gold pieces.

Inventory:

Hand Weapons
 h - a +0 short sword (weapon)
Missiles
 d - 776 stones (quivered)
 g - a throwing net {=f}
 k - 231 poisoned tomahawks
Armour
 a - a +0 robe (worn)
 l - a +0 helmet (worn)
Jewellery
 b - a ring of protection from cold (left hand)
 e - an amulet of the acrobat (around neck)
Wands
 c - a wand of flame (4)
 o - a wand of random effects (7)
Scrolls
 f - a scroll of remove curse
 i - a scroll of identify
 j - a scroll of teleportation {unknown}
 m - a scroll of noise {unknown}
 n - a scroll of amnesia {unknown}
 p - a scroll of fog {unknown}


   Skills:
 - Level 1.5 Dodging
 - Level 2.1 Stealth
 - Level 5.0 Spellcasting
 + Level 2.4 Conjurations
 + Level 3.5 Fire Magic


You had 6 spell levels left.
You knew the following spells:

 Your Spells              Type           Power        Failure   Level  Hunger
a - Flame Tongue          Conj/Fire      ##...        4%          1    N/A
b - Conjure Flame         Conj/Fire      ##......     14%         3    N/A
c - Sticky Flame          Conj/Fire      ##......     41%         4    N/A

Your spell library contained the following spells:

 Spells                   Type           Power        Failure   Level  Hunger
 Flaming Arrows           Chrm/Fire      #.......     11%         2    N/A
 Inner Flame              Hex/Fire       N/A          22%         3    N/A
 Fireball                 Conj/Fire      ##........   77%         5    N/A

Dungeon Overview and Level Annotations

Branches:
Dungeon (4/12)
 Temple: D:4-7

Altars:


Innate Abilities, Weirdness & Mutations

You do not eat or drink.
Your flesh is vulnerable to fire.
You are immune to poison.
You possess an exceptional clarity of mind.
Your flesh is cold resistant. (rC+)
You are immune to negative energy. (rN+++)
You are immune to unholy pain and torment.
You can survive without breathing.
Your hexes are more powerful.


Message History

Aiming: Flame Tongue (safe; 4% risk of failure)
Press: ? - help, Shift-Dir - straight line, f/p - orc priest
Aim: an orc priest, wielding a +1 hand axe of venom (moderately wounded)
The flame tongue hits the orc priest.
The orc priest is severely wounded.
The orc hits you with a +0 hand axe. Something hits you.
The orc priest hits you with a +1 hand axe of venom.
Casting: Flame Tongue (safe; 4% risk of failure)
Confirm with . or Enter, or press ? or * to list all spells.
Aiming: Flame Tongue (safe; 4% risk of failure)
Press: ? - help, Shift-Dir - straight line, f/p - orc priest
Aim: an orc priest, wielding a +1 hand axe of venom (severely wounded)
The flame tongue hits the orc priest!
You kill the orc priest!
The orc closely misses you. Something hits you.
* * * LOW HITPOINT WARNING * * *
The orc closely misses you.
A magic dart appears from out of thin air!
The magic dart hits you!
You die...

#..........##..#...........#.#.
#...........#..#####.......#.#.
#..........[#..#..........<#.#.
###...........#..#..............#
...)..........#..#...............
####.##..........#.##############
#.............#.#...#
#######.....).{o##.#.#.#######
.....##########>@..#.#.......#
####.# ######.#######.#### .....#
#.!....# #.#... ###..# #......#
#.#.## .....# #......# #.#.#
.....# #......###.#.# .....#
#......#...#.# .....#
##.#####.###.# .....# #.#.....#
#.#


You could see an orc.

Vanquished Creatures
  An orc priest (D:3)
  2 orc wizards (D:3)
  An adder (D:3)
  2 oozes (D:1)
  An adder skeleton (D:3)
  6 worms
  2 dart slugs (D:1)
  5 leopard geckos
  6 orcs
  7 bats
  3 giant cockroaches
  3 goblins
  8 hobgoblins
  7 kobolds
  2 quokkas
  A ball python (D:1)
  2 frilled lizards
  10 rats
69 creatures vanquished.

Notes
Turn   | Place    | Note
-------+----------+-------------------------------------------
     0 | D:1      | Mehrunes the Mummy Fire Elementalist began the quest for
                  | the Orb.
     0 | D:1      | Reached XP level 1. HP: 13/13 MP: 4/4
    43 | D:1      | Reached skill level 3 in Spellcasting
    43 | D:1      | Reached skill level 1 in Conjurations
   160 | D:1      | Reached XP level 2. HP: 19/19 MP: 1/6
   560 | D:1      | Reached XP level 3. HP: 24/24 MP: 1/8
  1115 | D:2      | Found a faded altar of an unknown god.
  1389 | D:2      | Reached skill level 4 in Spellcasting
  1799 | D:2      | Reached XP level 4. HP: 30/30 MP: 6/10
  1980 | D:2      | Learned a level 3 spell: Conjure Flame
  1985 | D:2      | Learned a level 4 spell: Sticky Flame
  2358 | D:3      | Found a white marble altar of Elyvilon.
  2755 | D:3      | Reached skill level 5 in Spellcasting
  2755 | D:3      | Reached XP level 5. HP: 27/35 MP: 1/12
  3491 | D:3      | Killed from afar by an orc wizard

Skill      XL: |  1  2  3  4 |
---------------+-------------+-----
Spellcasting   | 3 4 5 |  5.0
Conjurations   | 1 2 |  2.4
Fire Magic     | 3 |  3.5
Dodging        | |  1.5
Stealth        | |  2.1

Action                   |  1- 3 |  4- 6 || total
-------------------------+-------+-------++-------
Melee: Unarmed           |     2 |       ||     2
 Cast: Flame Tongue      |    95 |    68 ||   163
  Use: Scroll            |       |     1 ||     1
Armor: Robe              |    11 |     9 ||    20
Dodge: Dodged            |    24 |    31 ||    55
